 Dungeon Crawl Stone Soup version 0.30-a0-964-gd452b5e7fa (webtiles) character file.

Game seed: 16726392921463159571

1250 vishdafish the Destroyer (level 8, -9/52 HPs)
             Began as a Demonspawn Conjurer on Mar 30, 2023.
             Mangled by a yak (14 damage)
             ... on level 5 of the Dungeon.
             The game lasted 00:09:40 (6320 turns).

vishdafish the Destroyer (Demonspawn Conjurer)      Turns: 6320, Time: 00:09:40

Health: -9/52      AC:  4    Str:  8    XL:     8   Next: 26%
Magic:  6/18       EV: 12    Int: 22    God:
Gold:   431        SH:  0    Dex: 17    Spells: 11/20 levels left

rFire   . . .      SeeInvis .    (no weapon)
rCold   . . .      Faith    .    (no shield)
rNeg    . . .      Spirit   .    a - +0 robe
rPois   .          Reflect  .    (no helmet)
rElec   .          Rampage  .    b - scarf {harm}
rCorr   .          Harm     + .  i - +0 pair of gloves
Will    .....                    r - +0 pair of boots
Stlth   +                        e - amulet of the acrobat
HPRegen 0.28/turn                t - +6 ring of dexterity
MPRegen 0.16/turn                m - ring of flight

@: confused, mighty, weak-willed, ambrosia-drunk, flying
A: claws 1, powered by death 2
a: no special abilities


You were on level 5 of the Dungeon.
You visited 2 branches of the dungeon, and saw 7 of its levels.

You collected 431 gold pieces.

Inventory:

Armour
 a - a +0 robe (worn)
 b - a scarf of harm (worn)
 i - a +0 pair of gloves (worn)
 r - a +0 pair of boots (worn)
 w - a +0 cloak
Jewellery
 e - an amulet of the acrobat (around neck)
 m - a ring of flight (right hand)
 t - a +6 ring of dexterity (left hand)
Wands
 l - a wand of polymorph (5)
 z - a wand of flame (19)
Scrolls
 d - a scroll of identify
 h - 2 scrolls of silence
 k - a scroll of vulnerability
 n - a scroll of magic mapping
Potions
 c - 2 potions of mutation {unknown}
 f - 2 potions of might
 g - 2 potions of flight {unknown}
 j - 2 potions of heal wounds {unknown}
 o - a potion of berserk rage {unknown}
 p - a potion of ambrosia
 u - 2 potions of magic
 A - a potion of brilliance


   Skills:
 - Level 1.7 Dodging
 - Level 1.7 Stealth
 + Level 6.7 Spellcasting
 + Level 8.2 Conjurations


You had 11 spell levels left.
You knew the following spells:

 Your Spells              Type           Power      Damage    Failure   Level
a - Magic Dart            Conj           100%       1d8       1%          1
b - Fulminant Prism       Conj/Hex       12%        3d8       16%         4
c - Iskenderun's Mystic   Conj/Tloc      25%        2d7       16%         4

Your spell library contained the following spells:

 Spells                   Type           Power      Damage    Failure   Level
 Searing Ray              Conj           86%        2d7       1%          2
 Dazzling Flash           Conj/Hex       50%        N/A       4%          3
 Hailstorm                Conj/Ice       25%        3d7       4%          3
 Freeze                   Ice            28%        1d5       9%          1
 Necrotise                Necr           28%        1d5       9%          1
 Cigotuvi's Dreadful Rot  Necr/Pois/Air  14%        N/A       13%         2
 Frozen Ramparts          Ice            14%        1d3       26%         3
 Ignite Poison            Fire/Tmut/Pois 7%         N/A       26%         3
 Kindle Blastsparks       Fire/Tloc/Air  14%        2d11      26%         3
 Vampiric Draining        Necr           7%         2d6       26%         3
 Freezing Cloud           Conj/Ice/Air   9%         6-21      58%         5
 Dispel Undead            Necr           7%         3d8       63%         4
 Agony                    Necr           7%         N/A       93%         5
 Death Channel            Necr           3%         N/A       100%        6


Dungeon Overview and Level Annotations

Branches:
Dungeon (6/15)             Temple (1/1) D:4

Altars:
Ashenzari
Cheibriados
Dithmenos
Fedhas
Gozag
Hepliaklqana
Kikubaaqudgha
Makhleb
Nemelex Xobeh
Okawaru
Qazlal
Ru
Sif Muna
Trog
Uskayaw
Wu Jian
Xom
Yredelemnul

Annotations:
D:4 1 runed translucent door, Crazy Yiuf


Innate Abilities, Weirdness & Mutations

You have sharp fingernails.
You regenerate health from kills.


Message History

Aim: a yak (heavily wounded, very poisoned, weak-willed, chance to affect: 57%)
The yak resists with significant effort.
You feel sick. The yak misses you.
Aiming: Paralyse
Press: ? - help, Shift-Dir - straight line, f/p - yak
Aim: a yak (heavily wounded, very poisoned, weak-willed, chance to affect: 57%)
The yak suddenly stops moving!
You feel sick.
You feel sick.
You feel sick.
The yak is no longer paralysed.
Aiming: Paralyse
Press: ? - help, Shift-Dir - straight line, f - yak, p - yak
Aim: a yak (chance to affect: 49%)
Okay, then.
Casting: Fulminant Prism (quite dangerous; 16% risk of failure)
Confirm with . or Enter, or press ? or * to list all spells.
Okay, then.
Casting: Fulminant Prism (quite dangerous; 16% risk of failure)
Confirm with . or Enter, or press ? or * to list all spells.
The spell is quite dangerous to miscast (16% risk of failure)!
Continue anyway?
You erupt in a blast of force!
The mystic blast hits the yak.
The yak is lightly wounded.
You feel sick. The yak closely misses you.
Aiming: Paralyse
Press: ? - help, Shift-Dir - straight line, f - yak, p - yak
Aim: a yak (lightly wounded, chance to affect: 49%)
The yak resists with some effort.
The now-empty wand crumbles to dust.
You feel sick. The yak gores you.
* * * LOW HITPOINT WARNING * * *
Okay, then.
It was a potion of might.
You feel very mighty all of a sudden.
* * * LOW HITPOINT WARNING * * *
You feel sick.
You are no longer poisoned.
The yak completely misses you.
Okay, then.
It was a potion of ambrosia.
You are confused.
You feel invigorated.
The yak is no longer paralysed.
The yak gores you!
You die...

#.####.##### ##....
#$...○.##..## #.....
##○.##...# #.....
#..°○...## ##....
#...†...## ##....
##.Y##...# #.....
#○..###### #.....
#...##...#######....
#..@#....#....##....
##Y>##...#.....#....
#.####..##.....#....
#...##'###.....#....
#..............#....
######..########....
##..##..##....##..<.
#...##..##........).
#...##..##..........


You could see 2 yaks.

Vanquished Creatures
  2 yaks (D:5)
  An ice beast (D:6)
  An ogre (D:5)
  A centaur (D:6)
  A bullfrog (D:6)
  A scorpion (D:3)
  A howler monkey (D:6)
  3 jellies
  2 hounds
  3 iguanas (D:5)
  2 sleepcaps (D:5)
  Natasha (twice) (D:2)
  8 adders
  4 gnolls
  3 worms
  A dart slug (D:4)
  10 orcs
  7 bats
  3 endoplasms
  A giant cockroach (D:3)
  7 hobgoblins
  6 kobolds
  5 quokkas
  6 ball pythons
  6 frilled lizards
  6 goblins
  5 rats
98 creatures vanquished.

Vanquished Creatures (others)
  4 fulminant prisms (D:5)
  A plant (D:1)
5 creatures vanquished.

Grand Total: 103 creatures vanquished

Notes
Turn   | Place    | Note
-------+----------+-------------------------------------------
     0 | D:1      | vishdafish the Demonspawn Conjurer began the quest for the
                  | Orb.
     0 | D:1      | Reached XP level 1. HP: 13/13 MP: 3/3
     9 | D:1      | Noticed a bullfrog
   366 | D:1      | Gained mutation: You have sharp fingernails. [demonic
                  | ancestry]
   366 | D:1      | Reached XP level 2. HP: 10/19 MP: 5/5
  1177 | D:2      | Gained mutation: You regenerate a little health from kills.
                  | [demonic ancestry]
  1177 | D:2      | Reached XP level 3. HP: 24/24 MP: 0/7
  1244 | D:2      | Found a faded altar of an unknown god.
  1451 | D:2      | Noticed Natasha
  1454 | D:2      | Killed Natasha
  1455 | D:2      | Reached XP level 4. HP: 30/30 MP: 4/8
  1494 | D:2      | Noticed Natasha
  1711 | D:2      | Killed Natasha
  1712 | D:2      | Reached skill level 5 in Conjurations
  2708 | D:3      | Reached XP level 5. HP: 35/35 MP: 6/10
  3103 | D:3      | Learned a level 4 spell: Fulminant Prism
  3108 | D:3      | Learned a level 4 spell: Iskenderun's Mystic Blast
  3304 | D:4      | Found a stormy altar of Qazlal.
  3331 | D:4      | Found a staircase to the Ecumenical Temple.
  3341 | Temple   | Entered the Ecumenical Temple
  3341 | Temple   | Found a transporter.
  3341 | Temple   | Found a transporter.
  3343 | Temple   | Found a transporter.
  3343 | Temple   | Found a transporter.
  3810 | D:4      | Gained mutation: You regenerate health from kills. [demonic
                  | ancestry]
  3810 | D:4      | Reached XP level 6. HP: 41/41 MP: 9/12
  3853 | D:4      | Found a runed translucent door.
  3854 | D:4      | Noticed Crazy Yiuf
  4274 | D:5      | Entered Level 5 of the Dungeon
  4281 | D:4      | Reached skill level 6 in Conjurations
  4656 | D:5      | Reached skill level 5 in Spellcasting
  4736 | D:5      | Reached XP level 7. HP: 46/46 MP: 5/14
  4805 | D:5      | Found a hide-covered altar of Uskayaw.
  4814 | D:5      | Paralysed by a gnoll for 5 turns
  5094 | D:5      | Noticed a yak
  5173 | D:6      | Reached skill level 7 in Conjurations
  5888 | D:6      | Found a blossoming altar of Fedhas.
  6289 | D:5      | Noticed a yak
  6292 | D:5      | Killed a yak
  6293 | D:5      | Reached XP level 8. HP: 52/52 MP: 1/17
  6311 | D:5      | Reached skill level 8 in Conjurations
  6318 | D:5      | HP: 2/52 [yak (7)]
  6320 | D:5      | Mangled by a yak

Illustrated notes

Levels and vault maps discovered:
D:1:      evilmike_arrival_come_back, layout_loops_ring, serial_forest,
          infiniplex_forest_straight_2, infiniplex_forest_straight_1,
          infiniplex_forest_clump_small, infiniplex_forest_clump_double,
          infiniplex_forest_clump_long, minmay_hexomino_p4
D:2:      layout_basic, chequers_ecumenical_altar_island, basic_altar,
          uniq_natasha
D:3:      minmay_chambers_of_twos, layout_basic, kennysheep_generic_room_8
D:4:      layout_cave_pods, nicolae_qazlal_eye_of_the_storm,
          minmay_temple_entry_grid, uniq_crazy_yiuf_cottage
D:5:      layout_gridville, good_gods_mini_temple, nicolae_uskayaw_suspiria,
          minmay_stone_trees_small
D:6:      layout_cave_pools, fedhas_altar_4
Temple:   hellmonk_temple_divided_pantheon

Skill      XL: |  1  2  3  4  5  6  7  8 |
---------------+-------------------------+-----
Spellcasting   | 3 4 5 6 |  6.7
Conjurations   | 5 6 7 8 |  8.2
Dodging        | |  1.7
Stealth        | |  1.7

Action                     |  1- 3 |  4- 6 |  7- 9 || total
---------------------------+-------+-------+-------++-------
  Melee: Unarmed           |    32 |       |       ||    32
         Punch             |     1 |       |       ||     1
   Cast: Magic Dart        |    53 |   144 |    70 ||   267
         Iskenderun's Myst |       |     1 |     1 ||     2
         Fulminant Prism   |       |       |     4 ||     4
  Evoke: Wand              |       |       |     9 ||     9
    Use: Potion            |     2 |     2 |     3 ||     7
         Scroll            |       |     2 |     6 ||     8
 Armour: Robe              |    10 |     3 |     3 ||    16
  Dodge: Dodged            |    24 |    22 |    10 ||    56

Table legend: (Time is in decaauts)
 A = Elapsed time spent in this place.
 B = Non-inter-level travel time spent in this place.
 C = Inter-level travel time spent in this place.
 D = Time resting spent in this place.
 E = Time spent auto-exploring this place.
 F = Levels seen in this place.
 G = Mean time per level.
                   A        B        C        D        E       F      G
               +--------+--------+--------+--------+--------+-----+--------+
         Total |   6322 |   6120 |    202 |     34 |   5353 |   7 |  903.1 |
       Dungeon |   6290 |   6088 |    202 |     34 |   5352 |   6 | 1048.3 |
        Temple |     31 |     31 |      0 |      0 |      1 |   1 |   31.0 |
               +--------+--------+--------+--------+--------+-----+--------+

Top non-repeatable levels by time:
     D:3: 1379 daAuts
     D:4: 1210 daAuts
     D:1: 1070 daAuts
     D:6: 920 daAuts
     D:5: 915 daAuts
     D:2: 794 daAuts
  Temple: 31 daAuts
